 Dungeon Crawl Stone Soup version 0.19.5-1-g796a6487f8 (webtiles) character file.

11 Goblin1989 the Digger (level 2, 22/22 HPs)
             Began as a Deep Dwarf Earth Elementalist on May 23, 2017.
             Quit the game on level 1 of the Dungeon on July 19, 2020.
             The game lasted 00:04:17 (276 turns).

Goblin1989 the Digger (DDEE)                         Turns: 276, Time: 00:04:18

Health: 22/22      AC:  2    Str: 11    XL:     2   Next: 13%
Magic:  4/4        EV: 12    Int: 15    God:
Gold:   19         SH:  0    Dex: 13    Spells: 1 memorised, 3 levels left

rFire  . . .     SeeInvis .     b - 9 stones
rCold  . . .     Gourm    .     c - +0 robe
rNeg   . . .     Faith    .     (no shield)
rPois  .         Spirit   .     (no helmet)
rElec  .         Reflect  .     (no cloak)
rCorr  .         Harm     .     (no gloves)
MR     .....                    (no boots)
Stlth  ++........               (no amulet)
                                (no ring)
                                (no ring)

@: non-regenerating
A: damage resistance, recharge devices, sense surroundings 1, slow regeneration
3
a: Device Recharging


You were on level 1 of the Dungeon.
You were not hungry.

You visited 1 branch of the dungeon, and saw 1 of its levels.

You collected 19 gold pieces.

Inventory:

Hand Weapons
 a - a +0 dagger
Missiles
 b - 9 stones (in hand)
Armour
 c - a +0 robe (worn)
Wands
 h - a wand of heal wounds (5/9) {@v1, !v}
Scrolls
 g - a scroll of noise {unknown}
 i - a scroll of immolation {unknown}
Books
 f - a book of Geomancy

   Spells                             Type                      Level
   a - Sandblast                      Earth                        1
   b - Passwall                       Transmutation/Earth          2
   c - Stone Arrow                    Conjuration/Earth            3
   d - Petrify                        Transmutation/Earth          4
   e - Lee's Rapid Deconstruction     Earth                        5
Comestibles
 d - 10 chunks of flesh
 e - a bread ration {@e1}


   Skills:
 - Level 2.1 Dodging
 - Level 2.4 Stealth
 + Level 1.9 Spellcasting
   Level 0.8 Transmutations
 * Level 4.7 Earth Magic


You had 3 spell levels left.
You knew the following spells:

 Your Spells              Type           Power        Failure   Level  Hunger
a - Sandblast             Erth           ###...       3%          1    ##.....


Dungeon Overview and Level Annotations

Branches:
Dungeon (1/15)

Altars:


Innate Abilities, Weirdness & Mutations

You are resistant to damage.
You can recharge devices by infusing magical energy.
You passively map a small area around you.
You do not regenerate.


Message History

Confirm with . or Enter, or press ? or * to list all spells.
Aiming: Sandblast
Press: ? - help, Shift-Dir - straight line, f - goblin
Aim: a goblin The rocky blast misses the goblin.
You now have 0/4 mp.
Casting: Sandblast
Confirm with . or Enter, or press ? or * to list all spells.
You don't have enough magic to cast that spell.
Unknown command.
Casting: Sandblast
Confirm with . or Enter, or press ? or * to list all spells.
Aiming: Sandblast
Press: ? - help, Shift-Dir - straight line, f/p - goblin
Aim: a goblin The rocky blast hits the goblin.
The goblin is severely wounded.
The goblin barely misses you.
You now have 0/4 mp.
Casting: Sandblast
Confirm with . or Enter, or press ? or * to list all spells.
Aiming: Sandblast
Press: ? - help, Shift-Dir - straight line, f/p - goblin
Aim: a goblin (heavily wounded)
The rocky blast hits the goblin.
You kill the goblin!
You now have 0/4 mp.
g - a scroll labeled GAYZACUETO You see here a goblin corpse.
You butcher the goblin corpse.
d - 5 chunks of flesh (gained 3)
You start resting.
Magic restored.
MP restored: 4 2 jackals come into view.
The jackal moves out of view.
You see here 11 gold pieces.
A jackal comes into view.
The jackal barks!
You see here 11 gold pieces.
Okay, then.
Casting: Sandblast
Confirm with . or Enter, or press ? or * to list all spells.
Aiming: Sandblast
Press: ? - help, Shift-Dir - straight line, f - jackal
Aim: a jackal The rocky blast hits the jackal.
The jackal is heavily wounded.
The jackal misses you. The jackal barely misses you.
You now have 3/4 mp.
Casting: Sandblast
Confirm with . or Enter, or press ? or * to list all spells.
Aiming: Sandblast
Press: ? - help, Shift-Dir - straight line, f/p - jackal
Aim: a jackal (heavily wounded)
The rocky blast misses the jackal.
The jackal bites you.
You now have 2/4 mp.
Casting: Sandblast
Confirm with . or Enter, or press ? or * to list all spells.
Aiming: Sandblast
Press: ? - help, Shift-Dir - straight line, f/p - jackal
Aim: a jackal (heavily wounded)
The rocky blast hits the jackal.
You kill the jackal!
You now have 1/4 mp.
You see here a jackal corpse.
You butcher the jackal corpse.
d - 6 chunks of flesh (gained 1)
You start resting.
Magic restored.
MP restored: 4 Saving game... please wait.
Welcome back, Goblin1989 the Deep Dwarf Earth Elementalist.
Press ? for a list of commands and other information.
You now have 19 gold pieces (gained 11).
You butcher the ball python corpse.
d - 9 chunks of flesh (gained 3)
You see here a ball python skeleton. x2
You butcher the rat corpse.
d - 10 chunks of flesh (gained 1)
i - a scroll labeled GIURYSH XA NIO You see here a whip.
A frilled lizard comes into view.
Saving game... please wait.
Welcome back, Goblin1989 the Deep Dwarf Earth Elementalist.
Press ? for a list of commands and other information.
Saving game... please wait.
Welcome back, Goblin1989 the Deep Dwarf Earth Elementalist.
Press ? for a list of commands and other information.
Welcome back, Goblin1989 the Deep Dwarf Earth Elementalist.
Press ? for a list of commands and other information.
Welcome back, Goblin1989 the Deep Dwarf Earth Elementalist.
Press ? for a list of commands and other information.
Unknown command.
Saving game... please wait.
Welcome back, Goblin1989 the Deep Dwarf Earth Elementalist.
Press ? for a list of commands and other information.
Welcome back, Goblin1989 the Deep Dwarf Earth Elementalist.
Press ? for a list of commands and other information.
Are you sure you want to abandon this character and quit the game? (Confirm with "yes".)

· ▓ · ·· · ▓▓ ·
· · · ▓ · ▓▓▓ ▓
▓ ·· · ███. · ·
· ·.... ··
·█████████ .....
...l....███.....
▓ █@......█ · ▓
· ▓▓▓ █.......█·
▓ ♣ · ·
██......█ █♣ ▓
█.██...█ █.
█.██...█ █. ·
█).█...█· ▓ ▲.
▓▓▓██.█...█ █.
▓▓ ▓ █.....█· ▓
█. ▓▓ █.....█ ▓
▓ ♣


You could see a frilled lizard (sleeping).

Vanquished Creatures
  A dart slug (D:1)
  2 bat zombies (D:1)
  2 goblins (D:1)
  A jackal (D:1)
  A ball python (D:1)
  A rat (D:1)
8 creatures vanquished.

Notes
Turn   | Place    | Note
-------+----------+-------------------------------------------
     0 | D:1      | Goblin1989 the Deep Dwarf Earth Elementalist began the quest for the Orb.
     0 | D:1      | Reached XP level 1. HP: 15/15 MP: 3/3
   135 | D:1      | Reached XP level 2. HP: 22/22 MP: 1/4
   276 | D:1      | Upgraded the game from 0.19.5 to 0.19.5-1-g796a6487f8
   276 | D:1      | Quit the game

Action                   || total
-------------------------++-------
 Cast: Sandblast         ||    15
Armor: Robe              ||     8
Dodge: Dodged            ||    13

Vault maps used:
D:1:      saegor_arrival_fortress
